 Dungeon Crawl Stone Soup version 0.26-a0-980-g0fe3eaa9ac (webtiles) character file.

Game seed: 9017417209832185930

601881 dolemite99 the Peltast (level 26, -14/224 HPs)
             Began as a Minotaur Fighter on Dec 5, 2020.
             Was a High Priest of Cheibriados.
             Demolished by an Orb Guardian (48 damage)
             ... on level 5 of the Realm of Zot.
             The game lasted 02:32:07 (101366 turns).

dolemite99 the Peltast (Minotaur Fighter)         Turns: 101366, Time: 02:32:08

Health: -14/224    AC: 38    Str: 40    XL:     26   Next: 51%
Magic:  35/35      EV: 19    Int: 21    God:    Cheibriados [*****.]
Gold:   1999       SH:  0    Dex: 27    Spells: 19/35 levels left

rFire    + + +     SeeInvis +   a - +9 great sword (flame)
rCold    + + .     Faith    .   (shield currently unavailable)
rNeg     + . .     Spirit   .   c - +4 gold dragon scales
rPois    +         Reflect  .   C - +2 hat {MR+}
rElec    +         Harm     .   q - +4 dragonskin cloak
rCorr    +         Rampage  .   O - +2 pair of gloves {archery}
MR       ++...                  m - +0 pair of boots of Absolutism {Int+4}
Stlth    ..........             Z - amulet of Haream {Acrobat +Blink SInv}
HPRegen  0.47/turn              d - ring "Picelub" {rElec Str+4 Int-4 Slay+3 Stlth+}
MPRegen  0.24/turn              v - ring of protection from fire

@: studying Conjurations, very slow
A: retaliatory headbutt, horns 2
}: 3/15 runes: barnacled, silver, gossamer
a: Bend Time, Temporal Distortion, Slouch, Step From Time, Renounce Religion,
Evoke Blink


You were on level 5 of the Realm of Zot.
You worshipped Cheibriados.
Cheibriados was extremely pleased with you.
You visited 9 branches of the dungeon, and saw 49 of its levels.
You also visited: Ossuary.

You collected 8356 gold pieces.
You spent 6357 gold pieces at shops.

Inventory:

Hand Weapons
 a - a +9 great sword of flaming (weapon)
 b - the +9 heavy crossbow "Sniper" {vorpal, Acc+∞ SInv}
   (You found it on level 3 of the Elven Halls)

   Any bolt fired from it inflicts extra damage.
   It lets you see invisible.
Missiles
 L - 1455 bolts (quivered)
Armour
 c - +4 gold dragon scales (worn)
 m - the +0 pair of boots of Absolutism (worn) {Int+4}
   (You found it on level 2 of the Lair of Beasts)

   It affects your intelligence (+4).
 q - the +4 dragonskin cloak (worn)
   (You took it off Tiamat on level 3 of the Realm of Zot)
 C - a +2 hat of magic resistance (worn)
 H - the +2 cloak "Tobasafe" {rPois rC+ Int+2}
   (You bought it in a shop on level 4 of the Shoals)

   It affects your intelligence (+2).
   It protects you from cold.
   It protects you from poison.
 O - a +2 pair of gloves of archery (worn)
Jewellery
 d - the ring "Picelub" (left hand) {rElec Str+4 Int-4 Slay+3 Stlth+}
   (You took it off a deep elf elementalist on level 3 of the Elven Halls)

   [ring of stealth]

   It affects your strength (+4).
   It affects your intelligence (-4).
   It affects your accuracy and damage with ranged weapons and melee attacks
   (+3).
   It insulates you from electricity.
   It makes you more stealthy.
 h - an uncursed amulet of guardian spirit
 r - an uncursed ring of stealth
 s - an uncursed ring of poison resistance
 v - a ring of protection from fire (right hand)
 y - the ring "Kuxuthra" {rN+ Stlth+}
   (You took it off a deep elf mage on level 3 of the Elven Halls)

   [ring of stealth]

   It protects you from negative energy.
   It makes you more stealthy.
 W - the ring "Anugiyd" {rC+ Dex+3}
   (You took it off a deep elf annihilator on level 3 of the Elven Halls)

   [ring of protection from cold]

   It affects your dexterity (+3).
   It protects you from cold.
 Z - the amulet of Haream (around neck) {Acrobat +Blink SInv}
   (You took it off a deep elf mage on level 3 of the Elven Halls)

   [amulet of the acrobat]

   It helps you evade while moving and waiting.
   It lets you see invisible.
   It lets you blink.
Wands
 k - a wand of iceblast (10)
 o - a wand of paralysis (52)
 F - a wand of enslavement (8)
 N - a wand of disintegration (46)
 P - a wand of digging (19)
 S - a wand of polymorph (36)
 V - a wand of acid (25)
Scrolls
 g - 29 scrolls of remove curse {@r2}
 j - 2 scrolls of silence
 w - 6 scrolls of immolation
 x - 16 scrolls of teleportation
 I - 21 scrolls of identify {@r1}
 K - 4 scrolls of fear
 Q - a scroll of amnesia
 X - 4 scrolls of fog
Potions
 e - 7 potions of cancellation
 l - 5 potions of magic
 n - 5 potions of flight
 t - 12 potions of brilliance
 u - 6 potions of attraction
 B - 16 potions of curing
 E - 8 potions of lignification
 G - 5 potions of mutation
 Y - 10 potions of ambrosia
Books
 R - a manual of Conjurations
Miscellaneous
 f - a tin of tremorstones (1/2)
 i - a condenser vane (inert)
 p - a box of beasts
 D - a phantom mirror
 J - a lightning rod (4/4)
 M - a phial of floods


   Skills:
 - Level 15.9 Fighting
 - Level 18.8 Long Blades
 - Level 19.1 Crossbows
 - Level 16.9 Armour
 - Level 13.1 Dodging
 - Level 19.8 Shields
 - Level 5.0 Spellcasting
 - Level 7.1 Conjurations
 - Level 8.2 Necromancy
 + Level 9.0 Translocations
 - Level 12.0 Earth Magic
 - Level 4.5 Poison Magic
 - Level 19.3 Invocations
 - Level 13.8 Evocations


You had 19 spell levels left.
You knew the following spells:

 Your Spells              Type           Power        Failure   Level
a - Inner Flame           Hex/Fire       #.......     93%         3
b - Mephitic Cloud        Conj/Pois/Air  ###.....     43%         3
c - Animate Dead          Necr           #####.....   26%         4
d - Passage of Golubria   Tloc           N/A          19%         4
e - Passwall              Tmut/Erth      ####....     10%         2

Your spell library contained the following spells:

 Spells                   Type           Power        Failure   Level
 Sandblast                Erth           ######       1%          1
 Magic Dart               Conj           ####         4%          1
 Sublimation of Blood     Necr           #####.....   4%          2
 Stone Arrow              Conj/Erth      #####.       4%          3
 Searing Ray              Conj           #####.       6%          2
 Gell's Gravitas          Tloc           #####.....   6%          3
 Lee's Rapid Deconstruct  Erth           ######....   16%         5
 Foxfire                  Conj/Fire      ###.         19%         1
 Shock                    Conj/Air       ###.         19%         1
 Corpse Rot               Necr/Air       N/A          22%         2
 Iskenderun's Mystic Bla  Conj/Tloc      #####...     28%         4
 Sting                    Tmut/Pois      ##..         30%         1
 Borgnjor's Vile Clutch   Necr/Erth      #####.....   34%         5
 Poisonous Vapours        Pois/Air       ##....       43%         2
 Conjure Flame            Conj/Fire      ###.....     50%         3
 Dazzling Flash           Conj/Hex       ###...       50%         3
 Static Discharge         Conj/Air       ###.....     50%         3
 Leda's Liquefaction      Hex/Erth       ####......   54%         4
 Petrify                  Tmut/Erth      ####....     54%         4
 Beastly Appendage        Tmut           #.....       61%         1
 Corona                   Hex            #......      61%         1
 Freeze                   Ice            #...         61%         1
 Spider Form              Tmut/Pois      ##........   67%         3
 Ensorcelled Hibernation  Hex/Ice        #.....       75%         2
 Swiftness                Air            #.......     75%         2
 Olgreb's Toxic Radiance  Pois           ###.....     75%         4
 Iskenderun's Battlesphe  Conj           #####...     75%         5
 Ignite Poison            Fire/Tmut/Pois ##......     77%         3
 Bolt of Magma            Conj/Fire/Erth ####......   83%         5
 Fulminant Prism          Conj/Hex       ###.......   88%         4
 Hailstorm                Conj/Ice       ###.....     88%         4
 Sticky Flame             Conj/Fire      ###.....     88%         4
 Confusing Touch          Hex            #.......     93%         3
 Frozen Ramparts          Ice            #.....       93%         3
 Ozocubu's Armour         Ice            #.......     93%         3
 Tukima's Dance           Hex            #.......     93%         3
 Iron Shot                Conj/Erth      #####.....   93%         6
 Summon Forest            Summ/Tloc      ###.......   98%         5
 Fireball                 Conj/Fire      ###.......   99%         5
 Irradiate                Conj/Tmut      ###.......   99%         5
 Lightning Bolt           Conj/Air       ###.......   99%         5
 Death Channel            Necr           #####.....   99%         6
 Airstrike                Air            #.........   100%        4
 Summon Ice Beast         Ice/Summ       #.......     100%        4
 Summon Lightning Spire   Summ/Air       #.......     100%        4
 Alistair's Intoxication  Tmut/Pois      ##.......    100%        5
 Metabolic Englaciation   Hex/Ice        #.........   100%        5
 Silence                  Hex/Air        #.........   100%        5
 Yara's Violent Unravell  Hex/Tmut       #.........   100%        5
 Conjure Ball Lightning   Conj/Air       ###.......   100%        6
 Eringya's Noxious Bog    Tmut/Pois      ##........   100%        6
 Hydra Form               Tmut           #.........   100%        6
 Invisibility             Hex            #.......     100%        6
 Shadow Creatures         Summ           N/A          100%        6
 Simulacrum               Ice/Necr       ###.......   100%        6
 Orb of Destruction       Conj           #####.....   100%        7
 Spellforged Servitor     Conj/Summ      ###.......   100%        7
 Summon Hydra             Summ           #.........   100%        7
 Tornado                  Air            #.........   100%        9


Dungeon Overview and Level Annotations

Branches:
Dungeon (15/15)            Temple (0/1) D:5            Lair (6/6) D:8
 Shoals (4/4) Lair:4       Spider (4/4) Lair:3        Slime (0/5) Lair:6
    Orc (2/2) D:12            Elf (3/3) Orc:2        Vaults (5/5) D:13
  Crypt (0/3) Vaults:2     Depths (5/5) D:15            Zot (5/5) Depths:5
Ossuary (visited)

Altars:
Cheibriados
Elyvilon
Gozag
Hepliaklqana
Kikubaaqudgha
Makhleb
Nemelex Xobeh
Okawaru
Qazlal
Uskayaw
Vehumet
Xom
Yredelemnul
Zin
Beogh
Jiyva

Shops:
D:5 *   D:14 *   Orc:1 !   Orc:2 [**[   Elf:2 *[![?   Shoals:4 **   Vaults:1 }
Vaults:2 (!([[   Vaults:4 =}*   Depths:3 **   Depths:5 [

Portals:
Hell: Depths:1 Depths:2 Depths:3 Depths:4 Depths:5
Abyss: Depths:2 Depths:4
Pandemonium: Depths:1 Depths:3
Ziggurat: Depths:3
Trove: D:10 (give 15 scrolls of teleportation)

Annotations:
Lair:4 exclusion: 3 oklob plants
Spider:3 1 runed translucent door, Biggihi's ghost, adept GnIE
Orc:2 3 runed translucent doors, exclusion: obsidian statue, Cheivey's ghost, journeyman MiFi
Depths:3 1 transporter
Zot:4 exclusion: oklob plant


Innate Abilities, Weirdness & Mutations

You reflexively headbutt those who attack you in melee.
You have a pair of horns on your head.


Message History

You headbutt the Orb Guardian, but do no damage.
The Orb Guardian is lightly wounded.
The Orb Guardian completely misses you. The moth of wrath closely misses you.
You carve the Orb Guardian like a ham!!!
You burn the Orb Guardian! Your headbutt misses the Orb Guardian.
The Orb Guardian is heavily wounded.
The Orb Guardian hits you. The Orb Guardian hits you!!!
The moth of wrath barely misses you. You furiously retaliate!
You headbutt the moth of wrath! You closely miss the moth of wrath.
You headbutt the moth of wrath!
The moth of wrath is severely wounded.
The Orb Guardian hits you!
You cut the moth of wrath into ribbons!!!
You burn the moth of wrath.
You kill the moth of wrath!
Cheibriados thoroughly appreciates the change of pace.
The Orb Guardian hits you!!!
* * * LOW HITPOINT WARNING * * *
The Orb Guardian hits you!!!
You die...

,,**,,,,,,,*.......#.<....# #####
,,,,,,,,,,,,.......#......###...#
,,,,,,,,,,,,....................#
,,,,,,,****,..#...#.............#
,,,,*****##########..............
,,^,,,,,,........................
,<,,,,,,,..............#.....#...
,,,,,,,,,......†.......#.....#.(.
,******,,,######@##...####.......
**** *********#X######**▓▓▓▓####
,,,** *,,,,,,...,,,,,,* **,,,
,,,,** **,,,,.....,,,,** **,,,,
,,^,,** *,,,...(...,,,* **,,,,,
,,,,,,* **,.........,** *,,,,,,
,,,,,,* *...........* *,,,,,,
,,,,,,* *#...........#* *,,,,,,
,,,,,,* *,,,,,,,,,,,,,* *^,,,,,


You could see an Orb Guardian (berserk).

Vanquished Creatures
  An ancient lich (Zot:3)
  An orb of fire (Zot:2)
  Mara (Depths:1)
  6 Killer Klowns (Zot:3)
  Frederick (Vaults:3)
  A curse toe (Zot:4)
  A caustic shrike (Depths:4)
  Nikola (Depths:3)
  8 golden dragons
  the Enchantress (Depths:5)
  Arachne (Spider:2)
  2 electric golems
  17 tentacled monstrosities
  4 liches
  Rupert (Spider:1)
  The ghost of Lianjan the Warrior, an adept MiGl of Gozag (Shoals:1)
  2 Orb Guardians (Zot:5)
  2 quicksilver dragons
  5 deep elf blademasters
  A titan (Vaults:5)
  2 deep elf master archers (Elf:3)
  3 sphinxes
  11 death cobs
  An ancient champion (Vaults:2)
  Agnes (D:14)
  10 draconian monks
  6 tengu reavers
  8 storm dragons
  11 shadow dragons
  A revenant (Vaults:2)
  7 fire giants
  7 ghost moths
  7 draconian knights
  An orc warlord (Orc:1)
  6 deep elf sorcerers
  13 vault wardens
  7 draconian shifters
  4 emperor scorpions
  9 frost giants
  8 deep elf elementalists
  An iron dragon (Depths:4)
  A ghoul (Vaults:2)
  7 draconian scorchers
  4 draconian stormcallers
  Aizul (Vaults:2)
  15 very ugly things
  7 spriggan defenders
  3 draconian annihilators
  10 ironheart preservers
  3 war gargoyles (Vaults:5)
  19 stone giants
  6 vampire knights
  11 deep elf demonologists
  8 purple draconians
  11 white draconians
  7 spark wasps
  7 black draconians
  11 red draconians
  4 entropy weavers
  6 green draconians
  6 deep elf annihilators
  9 yellow draconians
  5 deep elf death magi
  15 fire dragons
  3 merfolk javelineers (Shoals:4)
  11 ettins
  5 small abominations
  Snorg (D:11)
  Josephine (Lair:4)
  7 merfolk impalers
  The ghost of Xolotl the Grappler, a journeyman PaWn of Okawaru (D:11)
  5 deep elf high priests
  7 great orbs of eyes
  The ghost of Thatotherguy the Severer, a journeyman PaFi of Qazlal (D:11)
  Harold (Lair:1)
  17 yaktaur captains
  4 rakshasas
  The ghost of Demosthentine the Protected, a journeyman FoFi of Cheibriados (D:11)
  A hydra (shapeshifter) (Depths:1)
  16 ice dragons
  31 vault guards
  5 spriggan air magi
  A merfolk avatar (Shoals:4)
  16 boulder beetles
  3 hydras
  A hell beast (Depths:3)
  The ghost of Anlio the Cleaver, a novice MiBe of Trog (D:11)
  2 death knights
  5 merfolk aquamancers
  An alligator snapping turtle (Shoals:1)
  26 dancing weapons
  12 ogre magi
  40 two-headed ogres
  10 centaur warriors
  The ghost of Tocho the Thaumaturge, a journeyman DECj of Vehumet (D:11)
  5 orc high priests (Orc:2)
  2 vampire magi
  3 spriggan berserkers
  5 tengu warriors
  A queen ant (shapeshifter) (Vaults:3)
  5 deep troll shamans
  8 deep troll earth magi
  4 satyrs
  Urug (D:13)
  A titan zombie (Depths:3)
  9 hell knights
  A sun demon (Depths:1)
  2 soul eaters (Depths:1)
  Sonja (D:13)
  A fire crab (shapeshifter) (D:15)
  29 deep elf knights
  2 sixfirhies
  A skeletal warrior (D:14)
  5 iron trolls
  4 shadow wraiths
  2 flayed ghosts
  18 deep trolls
  8 unseen horrors
  13 sea snakes
  A swamp dragon (shapeshifter) (Vaults:5)
  A glowing orange brain (Depths:2)
  A kraken simulacrum (Shoals:4)
  An unseen horror (shapeshifter) (D:14)
  10 phantasmal warriors
  21 deep elf archers
  7 wizards
  2 obsidian statues (Depths:1)
  15 orc knights
  12 ironbrand convokers
  A mana viper (shapeshifter) (Vaults:5)
  5 necromancers
  71 deep elf magi
  31 harpies
  A shining eye (shapeshifter) (Depths:4)
  8 oklob plants (Zot:4)
  8 fauns
  3 elephants (Lair:6)
  11 orb spiders
  10 manticores
  An orc sorcerer (Vaults:5)
  52 ugly things
  A wolf spider zombie (D:14)
  A salamander (Depths:1)
  A fire giant zombie (Depths:2)
  5 cyclopes
  A moth of wrath (shapeshifter) (Depths:1)
  23 wolf spiders
  A salamander (shapeshifter) (Vaults:2)
  A centaur zombie (D:12)
  2 eyes of devastation (Depths:3)
  5 rust devils (Depths:1)
  22 moths of wrath
  11 vault sentinels
  5 black mambas
  3 water nymphs
  10 merfolk sirens
  A torpor snail (shapeshifter) (Vaults:1)
  2 naga magi (Vaults:2)
  11 cane toads
  A cane toad (shapeshifter) (Vaults:1)
  A molten gargoyle (Depths:1)
  Maggie (D:7)
  2 smoke demons (Depths:1)
  A gargoyle (D:13)
  70 yaktaurs
  A centaur skeleton (D:12)
  2 freezing wraiths
  2 efreet
  4 hellwings (Depths:1)
  A yaktaur (shapeshifter) (Vaults:2)
  A rime drake (Lair:5)
  9 demonic crawlers
  9 komodo dragons
  A golden dragon simulacrum (Depths:2)
  3 red devils (Depths:1)
  A spriggan skeleton (Depths:2)
  6 polar bears (Lair:6)
  5 tengu conjurers
  An ice devil (Depths:1)
  A queen bee (shapeshifter) (Vaults:1)
  A troll (shapeshifter) (Depths:3)
  A queen bee (Orc:1)
  24 merfolk
  A polar bear (shapeshifter) (Vaults:5)
  3 meliai (D:14)
  21 jumping spiders
  2 trolls
  Prince Ribbit (D:5)
  2 meliai (shapeshifter) (Vaults:5)
  18 hornets
  11 slime creatures
  5 wind drakes
  12 snapping turtles
  2 dream sheep (shapeshifter)
  4 raiju (Depths:2)
  9 blink frogs
  Sigmund (D:3)
  63 redbacks
  2 air elementals
  31 water elementals
  A tarantella (shapeshifter) (Vaults:1)
  An elf skeleton (Depths:2)
  17 flying skulls
  19 spriggans
  13 wraiths
  3 wyverns
  2 humans (D:13)
  13 yaks
  23 tarantellas
  9 vampires
  5 basilisks
  4 fire elementals
  A basilisk (shapeshifter) (Vaults:5)
  2 steam dragons (D:7)
  A human simulacrum (Vaults:2)
  Menkaure (D:6)
  4 wargs
  A soldier ant (D:14)
  4 acid dragons
  12 water moccasins
  2 hell hounds
  8 large abominations (Depths:2)
  A floating eye (shapeshifter) (Depths:4)
  48 orc warriors
  3 floating eyes
  2 ice beasts
  5 sky beasts
  6 black bears
  13 boggarts
  4 eyes of draining
  4 phantoms
  An eye of draining (shapeshifter) (Vaults:2)
  A necrophage (D:8)
  29 ogres
  27 wolves
  14 centaurs
  A centaur (shapeshifter) (Depths:4)
  2 elf zombies (Ossuary)
  A big kobold (D:14)
  26 bullfrogs
  2 glowing shapeshifter simulacra
  An earth elemental (Elf:3)
  A water moccasin skeleton (D:5)
  A wyvern skeleton (D:7)
  6 scorpions
  40 killer bees
  16 wights
  3 electric eels
  3 howler monkeys
  3 quasits
  7 human zombies (D:12)
  4 bullfrog skeletons
  7 hounds
  4 jellies
  39 orc priests
  24 orc wizards
  2 iron imps
  A gnoll shaman (D:9)
  4 iguanas
  A worker ant (shapeshifter) (Vaults:5)
  10 worker ants
  5 yak simulacra (Lair:2)
  A hell rat (D:12)
  2 polar bear simulacra (Lair:2)
  A wolf simulacrum (Lair:2)
  2 big kobold zombies (Ossuary)
  2 hound zombies
  A hound skeleton (D:10)
  3 mummies
  A howler monkey zombie (D:6)
  3 worker ant zombies
  Robin (D:3)
  7 gnolls
  2 howler monkey skeletons
  17 adders
  A river rat (D:12)
  3 shadow imps
  4 white imps
  4 ufetubi
  3 oozes
  2 adder skeletons
  A worm (D:5)
  A dart slug (D:2)
  7 leopard geckos
  119 orcs
  A ball python (shapeshifter) (Vaults:1)
  14 bats
  3 giant cockroaches
  3 gnoll zombies
  13 goblins
  5 hobgoblins
  5 jackals
  13 kobolds
  5 quokkas
  2 ball pythons (D:4)
  3 frilled lizards
  A goblin zombie (Ossuary)
  6 hobgoblin zombies
  A kobold zombie (D:5)
  A leopard gecko zombie (D:6)
  3 orc zombies (Ossuary)
  16 rats
  3 river rat simulacra (Lair:2)
  A crawling corpse (Vaults:1)
2247 creatures vanquished.

Vanquished Creatures (collateral kills)
  Tiamat (Zot:3)
  A quicksilver dragon (Zot:1)
  2 storm dragons
  3 draconian shifters
  A deep elf elementalist (Elf:3)
  A green draconian (Zot:1)
  2 black draconians (Zot:1)
  3 yellow draconians
  2 red draconians (Zot:1)
  2 purple draconians (Zot:1)
  A fire dragon (Depths:4)
  A deep elf high priest (Elf:3)
  A yaktaur captain (Depths:5)
  2 vault guards (Vaults:5)
  A two-headed ogre (shapeshifter) (Depths:4)
  2 hell knights (Depths:4)
  A phantasmal warrior (Vaults:5)
  A cyclops (Shoals:4)
  A water nymph (Shoals:4)
  A merfolk (Shoals:4)
30 creatures vanquished.

Vanquished Creatures (others)
  A draconian knight (Vaults:4)
  A draconian shifter (Zot:3)
  3 black draconians
  A merfolk aquamancer (Shoals:4)
  2 deep elf magi
  A water elemental (Shoals:4)
  An ogre (Depths:3)
  An orc (D:9)
  8 bushes (Zot:4)
  41 fungi
  243 plants
  4 tentacles (Shoals:4)
307 creatures vanquished.

Grand Total: 2584 creatures vanquished

Notes
Turn   | Place    | Note
-------+----------+-------------------------------------------
     0 | D:1      | dolemite99 the Minotaur Fighter began the quest for the
                  | Orb.
     0 | D:1      | Reached XP level 1. HP: 19/19 MP: 0/0
   168 | D:1      | Reached XP level 2. HP: 26/26 MP: 1/1
   981 | D:2      | Found a stormy altar of Qazlal.
  1009 | D:2      | Reached XP level 3. HP: 29/31 MP: 2/2
  1192 | D:2      | Reached skill level 5 in Long Blades
  1292 | D:2      | Reached XP level 4. HP: 39/39 MP: 3/3
  2059 | D:3      | Noticed Robin
  2081 | D:3      | Reached XP level 5. HP: 42/45 MP: 4/4
  2092 | D:3      | Killed Robin
  2129 | D:3      | Found a snail-covered altar of Cheibriados.
  2186 | D:3      | Became a worshipper of Cheibriados the Contemplative
  2554 | D:3      | Noticed Sigmund
  2569 | D:3      | Killed Sigmund
  2570 | D:3      | Reached XP level 6. HP: 42/51 MP: 5/5
  2835 | D:3      | Found a hazy altar of Hepliaklqana.
  3217 | D:3      | Reached * piety under Cheibriados
  3404 | D:4      | Found an opulent altar of Gozag.
  3901 | D:4      | Reached XP level 7. HP: 42/57 MP: 6/6
  4329 | D:4      | Found a shimmering altar of Xom.
  4466 | D:5      | Entered Level 5 of the Dungeon
  4519 | D:5      | Reached ** piety under Cheibriados
  4520 | D:5      | Reached skill level 10 in Long Blades
  4677 | D:5      | Noticed Prince Ribbit
  4706 | D:5      | Killed Prince Ribbit
  4707 | D:5      | Reached XP level 8. HP: 62/64 MP: 7/7
  4742 | D:5      | Found a sand-covered staircase.
  4749 | Ossuary  | Entered an ossuary
  5051 | D:5      | Reached skill level 5 in Shields
  5135 | D:5      | Found Puosaw's General Store.
  5145 | D:5      | Bought a scroll of identify for 30 gold pieces
  5145 | D:5      | Bought a scroll of identify for 30 gold pieces
  5145 | D:5      | Bought a scroll of identify for 30 gold pieces
  5145 | D:5      | Bought a scroll of enchant weapon for 112 gold pieces
  5360 | D:5      | Found a staircase to the Ecumenical Temple.
  5830 | D:6      | Reached skill level 5 in Fighting
  5837 | D:6      | Reached *** piety under Cheibriados
  5859 | D:6      | Noticed Menkaure
  5872 | D:6      | Killed Menkaure
  6425 | D:6      | Found a basalt altar of Yredelemnul.
  6491 | D:6      | Reached XP level 9. HP: 76/79 MP: 8/8
  6588 | D:6      | Found a white marble altar of Elyvilon.
  6881 | D:7      | Reached skill level 1 in Invocations
  7323 | D:7      | Reached **** piety under Cheibriados
  7332 | D:7      | Reached skill level 5 in Invocations
  7569 | D:7      | Found a snail-covered altar of Cheibriados.
  7679 | D:7      | Noticed Maggie
  7690 | D:7      | Killed Maggie
  7697 | D:7      | Reached XP level 10. HP: 86/86 MP: 13/15
  7743 | D:7      | Got an ancient dagger
  8366 | D:7      | Noticed a two-headed ogre
  8384 | D:7      | Killed a two-headed ogre
  8726 | D:8      | Got a pair of heavily runed boots
  8732 | D:8      | Identified the cursed -4 pair of boots "Anayvvose" {Rampage
                  | rElec Slay-6} (You found it on level 8 of the Dungeon)
  8809 | D:8      | Identified the cursed +1 dagger of Bloody Death {antimagic,
                  | MR+ MP-9 Str+4} (You found it on level 7 of the Dungeon)
  9070 | D:8      | Found a glowing silver altar of Zin.
  9070 | D:8      | Noticed an angel
  9548 | D:8      | Reached ***** piety under Cheibriados
  9577 | D:8      | Found a staircase to the Lair.
  9797 | D:8      | Found a burning altar of Makhleb.
 10071 | D:9      | Noticed a two-headed ogre
 10081 | D:9      | Killed a two-headed ogre
 10082 | D:9      | Reached skill level 10 in Fighting
 11212 | D:9      | Found a basalt altar of Yredelemnul.
 11465 | D:9      | Noticed a +0 hand axe
 11465 | D:9      | Noticed a +0 dagger
 11467 | D:9      | Found a hide-covered altar of Uskayaw.
 11732 | D:5      | Bought a +3 hand crossbow of flaming for 349 gold pieces
 11845 | Lair:1   | Entered Level 1 of the Lair of Beasts
 11922 | Lair:1   | Reached skill level 1 in Crossbows
 11931 | Lair:1   | Noticed a cane toad
 11939 | Lair:1   | Killed a cane toad
 11940 | Lair:1   | Reached XP level 11. HP: 102/102 MP: 16/16
 11962 | Lair:1   | Noticed a four-headed hydra
 11969 | Lair:1   | Killed a four-headed hydra
 12074 | Lair:1   | Reached ****** piety under Cheibriados
 12075 | Lair:1   | Reached skill level 5 in Crossbows
 12468 | Lair:1   | Noticed Harold
 12477 | Lair:1   | Killed Harold
 12961 | Lair:2   | Identified the cursed +0 pair of boots of Absolutism
                  | {Int+4} (You found it on level 2 of the Lair of Beasts)
 13245 | Lair:2   | Noticed a necromancer
 13258 | Lair:2   | Killed a necromancer
 13957 | Lair:2   | Identified the Incunabulum of Frigorific Combat Magic
 15089 | Lair:3   | Found a hole to the Spider Nest.
 15372 | Lair:4   | Reached XP level 12. HP: 105/110 MP: 17/17
 15510 | Lair:4   | Reached skill level 1 in Dodging
 15537 | Lair:4   | Noticed Josephine
 15541 | Lair:4   | Killed Josephine
 15555 | Lair:4   | Reached skill level 5 in Dodging
 16066 | Lair:4   | Noticed a four-headed hydra
 16072 | Lair:4   | Killed a four-headed hydra
 16871 | Lair:4   | Found a staircase to the Shoals.
 17309 | Lair:5   | Reached skill level 5 in Armour
 17461 | Lair:5   | Got a vibrating zirconium amulet
 17722 | Lair:5   | Identified the amulet of Urob Cunk {Faith rC+ Stlth+} (You
                  | found it on level 5 of the Lair of Beasts)
 17825 | Lair:6   | Entered Level 6 of the Lair of Beasts
 17930 | Lair:6   | Noticed a five-headed hydra
 17945 | Lair:6   | Killed a five-headed hydra
 18449 | Lair:6   | Found a viscous altar of Jiyva.
 18450 | Lair:6   | Found a staircase to the Slime Pits.
 18765 | Lair:6   | Reached XP level 13. HP: 116/116 MP: 13/18
 18770 | Lair:6   | Paralysed by a hornet for 3 turns
 18778 | Lair:6   | Reached skill level 10 in Armour
 19211 | Lair:6   | Reached skill level 1 in Evocations
 19863 | D:10     | Entered Level 10 of the Dungeon
 19922 | D:10     | Found a portal to a secret trove of treasure.
 19966 | D:10     | Found a sparkling altar of Nemelex Xobeh.
 20959 | D:11     | Noticed Anlio's ghost (novice MiBe)
 20959 | D:11     | Noticed Xolotl's ghost (journeyman PaWn)
 20960 | D:11     | Found a runed translucent gate.
 20960 | D:11     | Noticed Tocho's ghost (journeyman DECj)
 20961 | D:11     | Found a runed translucent gate.
 20962 | D:11     | Found a runed translucent gate.
 20962 | D:11     | Noticed Demosthentine's ghost (journeyman FoFi)
 20964 | D:11     | Noticed Thatotherguy's ghost (journeyman PaFi)
 22157 | D:12     | Noticed Snorg
 22817 | D:12     | Reached skill level 15 in Long Blades
 23075 | D:12     | Noticed a vampire knight
 23209 | D:12     | Identified the cursed +0 leather armour "Xiurel" {Rampage
                  | rN++ Str+2 Dex-3}
 23722 | D:12     | Found a staircase to the Orcish Mines.
 25130 | D:13     | Reached XP level 14. HP: 126/126 MP: 19/19
 25757 | D:13     | Noticed Sonja
 25759 | D:13     | Killed Sonja
 25893 | D:13     | Noticed Urug
 25901 | D:13     | Killed Urug
 26187 | D:13     | Paralysed by a wizard for 7 turns
 26252 | D:13     | Found a gate to the Vaults.
 26524 | D:12     | Paralysed by a vampire knight for 6 turns
 26855 | D:11     | Killed Snorg
 26905 | D:12     | Paralysed by a vampire knight for 3 turns
 26918 | D:12     | Killed a vampire knight
 27181 | D:12     | Identified a scroll of acquirement
 27181 | D:12     | Acquired a +2 pair of gloves of archery
 27262 | D:12     | Found an ancient bone altar of Kikubaaqudgha.
 27291 | D:12     | Learned a level 3 spell: Inner Flame
 27295 | D:12     | Learned a level 3 spell: Mephitic Cloud
 27509 | Orc:1    | Entered Level 1 of the Orcish Mines
 27877 | Orc:1    | Found a roughly hewn altar of Beogh.
 27988 | Orc:1    | Noticed an orc warlord
 28006 | Orc:1    | Killed an orc warlord
 28194 | Orc:1    | Found Ysam's Distillery.
 28487 | Orc:1    | Bought a potion of might for 72 gold pieces
 28663 | Orc:2    | Entered Level 2 of the Orcish Mines
 28740 | Orc:2    | Found a roughly hewn altar of Beogh.
 28763 | Orc:2    | Found a runed translucent gate.
 28763 | Orc:2    | Found a runed translucent gate.
 28763 | Orc:2    | Found a runed translucent gate.
 28765 | Orc:2    | Found a staircase to the Elven Halls.
 28767 | Orc:2    | Found an opulent altar of Gozag.
 28987 | Orc:2    | Noticed Cheivey's ghost (journeyman MiFi)
 28987 | Orc:2    | Noticed an orc warlord
 29023 | Orc:2    | Reached skill level 10 in Invocations
 30172 | Orc:2    | Found Naeta Fuet's Antique Armour Shoppe.
 30175 | Orc:2    | Found Korymm's General Store.
 30176 | Orc:2    | Found Leis's Armour Shoppe.
 30177 | Orc:2    | Found Tiorez Qott's Assorted Antiques.
 30184 | Orc:2    | Bought a dazzling plate armour for 756 gold pieces
 30184 | Orc:2    | Bought a pair of ancient boots for 256 gold pieces
 30185 | Orc:2    | Identified the +4 plate armour of the Planets {rElec Dex+5}
                  | (You bought it in a shop on level 2 of the Orcish Mines)
 30206 | Orc:2    | Identified the +2 pair of boots of the Constellations
                  | {-Cast Rampage +Inv rElec} (You bought it in a shop on
                  | level 2 of the Orcish Mines)
 30232 | Orc:2    | Bought a runed plate armour for 702 gold pieces
 30533 | Orc:2    | Bought a phantom mirror for 400 gold pieces
 30712 | D:11     | Killed Tocho's ghost
 30719 | D:11     | Killed Xolotl's ghost
 30722 | D:11     | Killed Demosthentine's ghost
 30726 | D:11     | Killed Thatotherguy's ghost
 30729 | D:11     | Killed Anlio's ghost
 31025 | D:13     | Reached XP level 15. HP: 139/139 MP: 23/23
 31647 | D:14     | Found Nooniq's Assorted Antiques.
 31677 | D:14     | Reached skill level 10 in Crossbows
 32208 | D:14     | Noticed Agnes
 32214 | D:14     | Killed Agnes
 32978 | D:15     | Entered Level 15 of the Dungeon
 33323 | D:15     | Found a staircase to the Depths.
 34511 | Spider:1 | Entered Level 1 of the Spider Nest
 35581 | Orc:1    | Bought a potion of curing for 54 gold pieces
 35581 | Orc:1    | Bought a potion of resistance for 180 gold pieces
 35822 | Shoals:1 | Entered Level 1 of the Shoals
 36468 | Shoals:1 | Noticed Lianjan's ghost (adept MiGl)
 36476 | Shoals:1 | Found a runed translucent gate.
 36476 | Shoals:1 | Found a runed translucent gate.
 36476 | Shoals:1 | Found a runed translucent gate.
 37168 | Shoals:2 | Identified the +4 kite shield of Resonance {rN++ Str+2}
                  | (You found it on level 2 of the Shoals)
 37916 | Shoals:2 | Reached XP level 16. HP: 142/147 MP: 18/24
 38557 | Shoals:3 | Reached skill level 10 in Shields
 39900 | Spider:1 | Noticed Rupert
 39901 | Spider:1 | Paralysed by Rupert for 6 turns
 39915 | Spider:1 | Killed Rupert
 41109 | Spider:2 | Noticed Arachne
 41122 | Spider:2 | Killed Arachne
 42830 | Spider:3 | Found a runed translucent door.
 42830 | Spider:3 | Found a shimmering altar of Xom.
 42830 | Spider:3 | Noticed Biggihi's ghost (adept GnIE)
 44043 | Spider:4 | Entered Level 4 of the Spider Nest
 44209 | Spider:4 | Reached skill level 15 in Armour
 44701 | Spider:4 | Reached XP level 17. HP: 154/154 MP: 19/25
 45793 | Spider:4 | Reached skill level 10 in Dodging
 47638 | Spider:4 | Got a gossamer rune of Zot
 48033 | Shoals:1 | Killed Lianjan's ghost
 48744 | Vaults:1 | Entered Level 1 of the Vaults
 49569 | Vaults:1 | Reached skill level 5 in Evocations
 50596 | Vaults:1 | Reached XP level 18. HP: 149/161 MP: 26/26
 50907 | Vaults:1 | Found Ryavvash's Gadget Shoppe.
 51715 | Vaults:2 | Found Lyfen's Weapon Shoppe.
 51803 | Vaults:2 | Found Soacrut's Antique Weapon Shop.
 51815 | Vaults:2 | Noticed Aizul
 51823 | Vaults:2 | Killed Aizul
 52148 | Vaults:2 | Found Faufept's Distillery.
 52177 | Vaults:2 | Bought a potion of heal wounds for 65 gold pieces
 52177 | Vaults:2 | Bought a potion of curing for 39 gold pieces
 52177 | Vaults:2 | Bought a potion of curing for 39 gold pieces
 52177 | Vaults:2 | Bought a potion of cancellation for 104 gold pieces
 52177 | Vaults:2 | Bought a potion of resistance for 130 gold pieces
 52177 | Vaults:2 | Bought a potion of cancellation for 104 gold pieces
 52279 | Vaults:2 | Reached skill level 10 in Evocations
 52411 | Vaults:2 | Found a staircase to the Crypt.
 52913 | Vaults:2 | Found Losso's Armour Shop.
 53509 | Vaults:2 | Found a radiant altar of Vehumet.
 53509 | Vaults:2 | Noticed a lich
 53515 | Vaults:2 | Killed a lich
 53879 | Vaults:2 | Found Nuawk's Armour Shoppe.
 55065 | Vaults:3 | Noticed Frederick
 55074 | Vaults:3 | Killed Frederick
 56111 | Vaults:3 | Reached XP level 19. HP: 168/168 MP: 22/27
 56845 | Shoals:4 | Entered Level 4 of the Shoals
 57938 | Shoals:4 | Identified the +7 hand crossbow of Lust {freeze, Int+4}
 58658 | Shoals:4 | Found Osmi Nue's Assorted Antiques.
 58722 | Shoals:4 | Found Galiss's Assorted Antiques.
 58867 | Shoals:4 | Bought a potion of heal wounds for 150 gold pieces
 58998 | Shoals:4 | Bought a faintly humming cloak for 266 gold pieces
 59000 | Shoals:4 | Identified the +2 cloak "Tobasafe" {rPois rC+ Int+2} (You
                  | bought it in a shop on level 4 of the Shoals)
 59624 | Shoals:4 | Got a barnacled rune of Zot
 60692 | Vaults:4 | Found Ezi Duph's Assorted Antiques.
 60700 | Vaults:4 | Bought a scroll of teleportation for 63 gold pieces
 61160 | Vaults:4 | Reached skill level 15 in Fighting
 61444 | Vaults:4 | Found Pirghe's Jewellery Boutique.
 61770 | Vaults:4 | Found Ginadime's Gadget Boutique.
 61866 | Vaults:4 | Identified the +6 scale mail "Rinal" {rN+ Regen+ Int+2}
 62026 | Vaults:4 | Reached XP level 20. HP: 153/179 MP: 29/29
 63677 | Elf:1    | Entered Level 1 of the Elven Halls
 65955 | Elf:1    | Reached skill level 15 in Shields
 66478 | Elf:2    | Found Feytona's Antique Armour Shop.
 66919 | Elf:2    | Found Kuotiute's Distillery.
 67035 | Elf:2    | Bought a potion of heal wounds for 80 gold pieces
 67035 | Elf:2    | Bought a potion of curing for 48 gold pieces
 67035 | Elf:2    | Bought a potion of curing for 48 gold pieces
 67156 | Elf:2    | Found Xereemic's Armour Boutique.
 67746 | Elf:2    | Found a huge runed translucent gate.
 67746 | Elf:2    | Found a huge runed translucent gate.
 67746 | Elf:2    | Found a huge runed translucent gate.
 67746 | Elf:2    | Found a huge runed translucent gate.
 67746 | Elf:2    | Found a huge runed translucent gate.
 67804 | Elf:2    | Found Mobeyff's General Store.
 67926 | Elf:2    | Found Oqeqij's Magic Scroll Shoppe.
 67935 | Elf:2    | Bought a scroll of fear for 56 gold pieces
 67935 | Elf:2    | Bought a scroll of fog for 32 gold pieces
 67935 | Elf:2    | Bought a scroll of teleportation for 48 gold pieces
 67935 | Elf:2    | Bought a scroll of teleportation for 48 gold pieces
 69381 | Elf:3    | Entered Level 3 of the Elven Halls
 69577 | Elf:3    | Reached XP level 21. HP: 187/187 MP: 30/30
 71302 | Elf:3    | Identified the cursed +0 chain mail of Dithmenos's Grace
                  | {rElec}
 71659 | Elf:3    | Identified the ring "Picelub" {rElec Str+4 Int-4 Slay+3
                  | Stlth+}
 71670 | Elf:3    | Identified the amulet of Haream {Acrobat +Blink SInv}
 71822 | Elf:3    | Identified the ring "Kuxuthra" {rN+ Stlth+}
 71975 | Elf:3    | Identified the ring "Anugiyd" {rC+ Dex+3}
 72004 | Elf:3    | Identified the Papyrus of Curses
 72005 | Elf:3    | Found the +9 heavy crossbow "Sniper" {vorpal, Acc+∞ SInv}
 72021 | Elf:3    | Identified the +8 hand crossbow "Jibric" {freeze, rC- MR++
                  | Dex+2} (You found it on level 3 of the Elven Halls)
 72037 | Elf:3    | Identified the amulet "Poakleosk" {Inacc rElec rPois Dex-3}
                  | (You found it on level 3 of the Elven Halls)
 72049 | Elf:3    | Identified the Papyrus of Mutagenic Lightness
 72519 | Depths:1 | Entered Level 1 of the Depths
 72544 | Depths:1 | Noticed Mara
 72554 | Depths:1 | Noticed dolemite99's illusion
 73333 | Depths:1 | Reached skill level 15 in Crossbows
 73632 | Depths:1 | Noticed dolemite99's illusion
 73643 | Depths:1 | Killed Mara
 74166 | Depths:1 | Found a burning altar of Makhleb.
 74323 | Depths:1 | Found a burning altar of Makhleb.
 74324 | Depths:1 | Found the cursed +14 obsidian axe {vorpal, +Fly SInv
                  | *Curse}
 74586 | Depths:1 | Found a gateway to Hell.
 74755 | Depths:1 | Found a one-way gate leading to the halls of Pandemonium.
 75208 | Depths:2 | Reached XP level 22. HP: 182/194 MP: 31/31
 75297 | Depths:2 | Found the +8 arc blade {discharge, rElec}
 76152 | Depths:2 | Found a one-way gate to the infinite horrors of the Abyss.
 76276 | Depths:2 | Learned a level 4 spell: Animate Dead
 77043 | Depths:3 | Noticed Nikola
 77053 | Depths:3 | Killed Nikola
 77614 | Depths:3 | Found Jaikhlejo's General Store.
 77645 | Depths:3 | Bought a scroll of fog for 32 gold pieces
 77645 | Depths:3 | Bought a scroll of fear for 56 gold pieces
 77645 | Depths:3 | Bought a potion of curing for 48 gold pieces
 77872 | Depths:3 | Found the +3 pair of gauntlets of War {Slay+5}
 77872 | Depths:3 | Found a radiant altar of Vehumet.
 77874 | Depths:3 | Found a transporter.
 77902 | Depths:3 | Found a gateway to a ziggurat.
 78538 | Depths:3 | Found Gafa Emu's Assorted Antiques.
 79329 | Depths:4 | Reached skill level 1 in Necromancy
 80487 | Depths:4 | Reached skill level 5 in Necromancy
 80511 | Depths:4 | Noticed a golden dragon
 80520 | Depths:4 | Killed a golden dragon
 80918 | Depths:4 | Found the +3 giant club "Skullcrusher" {speed, Str+7}
 81131 | Depths:4 | Reached skill level 1 in Spellcasting
 81159 | Depths:4 | Reached XP level 23. HP: 112/201 MP: 32/32
 81739 | Depths:4 | Found an iron altar of Okawaru.
 81979 | Depths:4 | Identified the +5 triple sword "Suquroma" {speed, *Corrode
                  | +Rage rC+ Int+2}
 81985 | Depths:4 | Reached skill level 5 in Spellcasting
 82617 | Depths:5 | Entered Level 5 of the Depths
 83268 | Depths:5 | Noticed the Enchantress
 83272 | Depths:5 | Killed the Enchantress
 83516 | Depths:5 | Found a gate to the Realm of Zot.
 83573 | Depths:4 | Reached skill level 1 in Poison Magic
 83782 | Depths:4 | Noticed a caustic shrike
 83790 | Depths:4 | Killed a caustic shrike
 84423 | Depths:5 | Found Kypturphu's Armour Shoppe.
 85228 | Orc:1    | Bought a potion of attraction for 54 gold pieces
 85228 | Orc:1    | Bought a potion of cancellation for 144 gold pieces
 85228 | Orc:1    | Bought a potion of cancellation for 144 gold pieces
 85365 | Elf:2    | Bought a potion of invisibility for 128 gold pieces
 85667 | Depths:3 | Bought a potion of magic for 328 gold pieces
 86327 | D:14     | Bought a great mace for 195 gold pieces
 86327 | D:14     | Bought a scroll of enchant weapon for 225 gold pieces
 86546 | Vaults:4 | Reached skill level 1 in Conjurations
 86985 | Vaults:4 | Reached skill level 5 in Conjurations
 87561 | Vaults:4 | Bought a wand of acid (11) for 168 gold pieces
 87617 | Vaults:5 | Entered Level 5 of the Vaults
 87761 | Vaults:5 | Identified the +7 rapier of Yredelemnul's Envy {elec,
                  | Str+3}
 88151 | Vaults:5 | Reached XP level 24. HP: 210/210 MP: 26/32
 88229 | Vaults:5 | Identified the +2 great mace of Temperance {spect, rElec
                  | Str+2 Dex+3 Stlth+}
 88231 | Vaults:5 | Identified the +2 great mace of Temperance {spect, rElec
                  | Str+2 Dex+3 Stlth+}
 88232 | Vaults:5 | Identified the +2 great mace of Temperance {spect, rElec
                  | Str+2 Dex+3 Stlth+}
 88494 | Vaults:5 | Identified the +9 hand crossbow of Wounding {speed, rC++
                  | Dex-2}
 88529 | Vaults:5 | Identified the cursed +0 hunting sling "Faseh" {vorpal,
                  | Int+4}
 89250 | Vaults:5 | Identified Sif Muna's Papyrus of Mutagenic Envenoming
 89317 | Vaults:5 | Learned a level 4 spell: Passage of Golubria
 89320 | Vaults:5 | Learned a level 2 spell: Passwall
 89562 | Vaults:5 | Reached skill level 1 in Translocations
 90083 | Vaults:5 | Got a silver rune of Zot
 90587 | Zot:1    | Entered Level 1 of the Realm of Zot
 90897 | Zot:1    | Reached skill level 5 in Translocations
 91116 | Zot:1    | Reached skill level 15 in Invocations
 91714 | Zot:1    | Acquired 297 gold pieces
 92459 | Zot:2    | Noticed an orb of fire
 92461 | Zot:2    | Killed an orb of fire
 92462 | Zot:2    | Reached XP level 25. HP: 216/216 MP: 35/35
 94138 | Zot:3    | Reached skill level 5 in Earth Magic
 94861 | Zot:3    | Noticed a Killer Klown
 94864 | Zot:3    | Noticed a Killer Klown
 94865 | Zot:3    | Noticed a Killer Klown
 94867 | Zot:3    | Noticed a Killer Klown
 94870 | Zot:3    | Noticed an ancient lich
 94870 | Zot:3    | Noticed a Killer Klown
 95084 | Zot:3    | Noticed a Killer Klown
 95094 | Zot:3    | Killed a Killer Klown
 95376 | Zot:3    | Killed a Killer Klown
 95387 | Zot:3    | Paralysed by an ancient lich for 5 turns
 95396 | Zot:3    | Killed an ancient lich
 95406 | Zot:3    | Killed a Killer Klown
 95766 | Zot:3    | Killed a Killer Klown
 95773 | Zot:3    | Reached skill level 10 in Earth Magic
 96213 | Zot:3    | Killed a Killer Klown
 96522 | Zot:3    | Killed a Killer Klown
 96974 | Zot:3    | Reached XP level 26. HP: 217/224 MP: 35/35
 97226 | Zot:3    | Identified the +4 dragonskin cloak
 97226 | Zot:3    | Noticed Tiamat
 97255 | Zot:3    | Killed Tiamat
 99092 | Vaults:4 | Bought a potion of mutation for 168 gold pieces
 99092 | Vaults:4 | Bought a potion of brilliance for 84 gold pieces
 99131 | Vaults:2 | Bought a potion of brilliance for 52 gold pieces
 99314 | D:14     | Bought a potion of brilliance for 120 gold pieces
 99314 | D:14     | Bought a potion of brilliance for 120 gold pieces
101088 | Zot:5    | Entered Level 5 of the Realm of Zot
101366 | Zot:5    | Demolished by an Orb Guardian

Illustrated notes

Levels and vault maps discovered:
D:1:      eino_arrival_water_cross, layout_basic, item_on_display_b
D:2:      layout_basic, lemuel_round_altar
D:3:      layout_basic, lemuel_doored_altar, lemuel_crystal_altar, uniq_robin,
          uniq_sigmund
D:4:      layout_loops_cross, lemuel_crystal_altar,
          nicolae_gozag_cash_rules_everything_around_me
D:5:      layout_rooms, minmay_temple_entry_hall, serial_shops, shop,
          nicolae_ossuary_entry_giza, uniq_prince_ribbit1
D:6:      layout_basic, lemuel_crystal_altar, lemuel_zombie_altar_yredelemnul,
          uniq_menkaure
D:7:      cheibrodos_steamvent, layout_basic, basic_altar,
          minmay_alternating_orb, uniq_maggie
D:8:      layout_loops_ring, zin_angel, lightli_temple_of_fire,
          lair_entry_dummy, minivault_10
D:9:      layout_irregular_city, dancing_weapons_uskayaw,
          yredelemnul_altar_generic
D:10:     layout_basic, nicolae_trove_entry_isolated, minmay_stone_trees_large,
          nemelex_altar_shiori
D:11:     layout_stronghold, serial_rivers, chequers_serial_rivers_micro_e,
          chequers_serial_rivers_micro_c, chequers_serial_rivers_micro_e,
          chequers_serial_rivers_small_b, gammafunk_ghost_cemetery
D:12:     lemuel_vampire_tower, layout_irregular_city, uniq_snorg
D:13:     layout_stronghold, grunt_vaults_entry_fortified, serial_rivers,
          chequers_serial_rivers_room_b, chequers_serial_rivers_room_a,
          chequers_serial_rivers_room_a, chequers_serial_rivers_large_b,
          uniq_sonja, uniq_urug
D:14:     layout_loops_ring, palyth_stone_intersect, serial_shops,
          nicolae_shop_overgrown_old_shop, uniq_agnes
D:15:     hangedman_depths_entry_civil_slaughter, layout_basic,
          lemuel_flamethrower_2
Lair:1:   layout_regular_city, st_stairs_9, grunt_megastairs_5,
          lemuel_fruit_tree, infiniplex_staircase_pool, lemuel_fruit_fields,
          uniq_harold
Lair:2:   layout_cave_pods, eino_house_with_fridge
Lair:3:   layout_hall_layers, spider_nest_entry_webs
Lair:4:   layout_big_grid, minmay_shoals_entry_hut, wad_woods_road_02,
          grunt_forest_small_clearings, minmay_lair_oklob_chamber,
          uniq_josephine
Lair:5:   layout_misc_corridors
Lair:6:   minmay_lair_end_enchanted_forest, layout_cave_pods, slime_altar_1,
          serial_forest, infiniplex_forest_end_double,
          infiniplex_forest_zigzag_1, infiniplex_forest_lined_corner,
          infiniplex_forest_lined_3_way
Shoals:1: layout_shoals, gammafunk_ghost_split
Shoals:2: layout_shoals, kb_tengu_band
Shoals:3: layout_shoals
Shoals:4: shoals_end_grunt_ice, layout_shoals, serial_shops,
          nicolae_shop_overgrown_old_shop, nicolae_shop_overgrown_old_shop
Spider:1: layout_spider_delve, drop_trap, hangedman_spider_tarantella_strand,
          uniq_rupert
Spider:2: layout_spider_delve, uniq_arachne
Spider:3: layout_chambers, ebering_ghost_xom
Spider:4: spider_rune_water, guppyfry_hornet_nest
Orc:1:    layout_diamond_mine, serial_shops, shop_statue, special_room
          [special_room_bee], basic_altar, lightli_orcish_oven
Orc:2:    st_orc_pillars, layout_caves, basic_altar, ebering_ghost_gozag
Elf:1:    eino_elf_arrival_customs, layout_loops_corners, evilmike_minifort,
          grunt_megastairs_4
Elf:2:    layout_onion_city, serial_shops, shop, shop,
          nicolae_shop_overgrown_old_shop, shop_fountains,
          nicolae_shop_waterfront
Elf:3:    minmay_elf_hall_circle, layout_gridlike, nrook_mini_backslash
Vaults:1: v_alt_pattern_3, vaults_dpeg_diagonal, hangedman_vaults_cutoff,
          v_misc_15, hangedman_vaults_slice, v_misc_25,
          nicolae_vaults_rhombus_6, v_pattern_2, nicolae_vaults_little_ls,
          layout_vaults_omnigrid, serial_shops, nicolae_shop_waterfront
Vaults:2: ontoclasm_vaults_hangar, v_misc_2, grunt_tower_of_power,
          nicolae_vaults_little_squares_1, ontoclasm_vaults_chip,
          minmay_crypt_entry_simple_statues, ontoclasm_vaults_decontamination,
          ontoclasm_vaults_fault, layout_vaults_chaotic_city, serial_shops,
          nicolae_shop_statue_plus, shop, shop, shop, shop, uniq_aizul
Vaults:3: ontoclasm_vaults_hangar, ontoclasm_vaults_misaligned,
          nicolae_vaults_rhombus_7, ontoclasm_vaults_gallery,
          grunt_vaults_swirl, nicolae_vaults_network_barrier,
          nicolae_vaults_sealed_display, grunt_vaults_hallway_short,
          hangedman_vaults_trim, vaults_room_semicircle,
          ontoclasm_vaults_bender, vaults_dpeg_hooks, layout_vaults_maze_snakey,
          uniq_frederick
Vaults:4: nicolae_vaults_big_ls, v_rooms_6, v_pattern_5,
          hangedman_vaults_restitches, v_misc_13, nicolae_vaults_arrows,
          vaults_room_corners, sword_in_stone, nicolae_vaults_rhombus_6,
          serial_ice_m, ontoclasm_vaults_ligature, vaults_room_fancy_cross,
          ontoclasm_vaults_shuriken, vaults_dpeg_encased_lava,
          layout_vaults_big_cross, serial_shops, shop,
          nicolae_shop_behind_doors, nicolae_shop_behind_doors
Vaults:5
Depths:1: layout_honeycomb, hellmouth_1, serial_bayou_shore_a,
          grunt_pan_entry_sceptre, nicolae_lava_and_water,
          minmay_misc_feat_rows, minmay_misc_feat_secret_circle,
          grunt_guarded_unrand_obsidian_axe, uniq_mara
Depths:2: minmay_shoctagon, layout_cave_pools, abandoned_shop,
          minmay_room_of_horrors, hell_entry
Depths:3: gammafunk_sealed_library, layout_basic, enter_ziggurat_c,
          serial_shops, nicolae_shop_statue_plus, nicolae_shop_trees,
          hex_intersection, grunt_mini_vestibule, pan_entry,
          serial_bayou_shore_b, uniq_nikola
Depths:4: minmay_nested_s, layout_small_grid, chequers_serial_rivers_micro_a,
          abyss_entry, hell_entry, okawaru_ov_weapons_minmay,
          grunt_megastairs_2, infiniplex_staircase_pillars_1
Depths:5: evilmike_zot_entry_diamond, layout_cave_pools,
          grunt_hell_entry_dis_old, serial_shops, shop_statue, serial_bayou,
          serial_bayou_lagoon_b, serial_bayou_pond_c, serial_bayou_pond_b,
          serial_bayou_shore_b, serial_bayou_lagoon_a, uniq_enchantress
Zot:1:    layout_onion_interference, grunt_ministairs_8, grunt_megastairs_3
Zot:2:    layout_cathedral_of_symmetry
Zot:3:    ebering_klown_carousel, layout_cellular_growth,
          st_small_dragon_hoard_5, lemuel_flame_loot_1, uniq_tiamat
Zot:4:    grunt_zot_stairs_overgrown, layout_concentric_octagons
Zot:5:    layout_misc_corridors, st_stairs_1

Skill      XL: |  1  2  3  4  5  6  7  8  9 10 11 12 13 14 15 16 17 18 19 20 21 22 23 24 25 26 |
---------------+-------------------------------------------------------------------------------+-----
Long Blades    | 3 4 5 6 8 9 11 12 15 16 18 | 18.8
Fighting       | 7 11 12 14 15 | 15.9
Shields        | 7 8 11 12 17 19 | 19.8
Invocations    | 8 9 12 14 18 19 | 19.3
Crossbows      | 2 9 14 16 19 | 19.1
Dodging        | 8 13 | 13.1
Armour         | 9 11 15 16 | 16.9
Evocations     | 3 4 8 13 | 13.8
Necromancy     | 6 8 |  8.2
Spellcasting   | 2 5 |  5.0
Poison Magic   | 4 |  4.5
Conjurations   | 7 |  7.1
Translocations | 5 9 |  9.0
Earth Magic    | 11 12 | 12.0

Action                   |  1- 3 |  4- 6 |  7- 9 | 10-12 | 13-15 | 16-18 | 19-21 | 22-24 | 25-27 || total
-------------------------+-------+-------+-------+-------+-------+-------+-------+-------+-------++-------
Melee: Long sword        |    67 |    86 |   111 |    14 |       |       |       |       |       ||   278
       Headbutt          |     7 |    19 |    94 |    84 |   132 |   115 |   102 |    29 |     8 ||   590
       Dagger            |       |    66 |   187 |       |       |       |       |       |       ||   253
       Scimitar          |       |       |    34 |   284 |   232 |   265 |   203 |       |       ||  1018
       Great sword       |       |       |       |       |    72 |       |     8 |    71 |    31 ||   182
       Hand crossbow     |       |       |       |       |     1 |     3 |       |       |       ||     4
       Double sword      |       |       |       |       |       |       |    53 |       |       ||    53
       Unarmed           |       |       |       |       |       |       |       |       |     8 ||     8
 Fire: Hand crossbow     |       |       |       |   213 |   665 |   839 |  1057 |       |       ||  2774
       Arbalest          |       |       |       |       |   216 |       |       |       |       ||   216
       Heavy crossbow    |       |       |       |       |       |       |   208 |   759 |   291 ||  1258
Throw: Stone             |    20 |    39 |    55 |       |       |       |       |       |       ||   114
       Dart              |       |       |    25 |    38 |       |    22 |     2 |       |       ||    87
       Boomerang         |       |       |       |    73 |    16 |    17 |       |       |       ||   106
       Javelin           |       |       |       |       |    19 |     4 |       |       |       ||    23
       Throwing net      |       |       |       |       |       |     4 |       |       |       ||     4
 Cast: Animate Dead      |       |       |       |       |       |       |       |    31 |    11 ||    42
Invok: Bend Time         |       |       |     1 |       |     2 |     1 |       |     2 |       ||     6
       Slouch            |       |       |       |     4 |    19 |    29 |    25 |    14 |    10 ||   101
       Step From Time    |       |       |       |       |     3 |       |       |     2 |       ||     5
       Temporal Distorti |       |       |       |       |     1 |       |     2 |     1 |       ||     4
Evoke: Wand              |       |       |       |     5 |    10 |    21 |    19 |    14 |    13 ||    82
       Condenser vane    |       |       |       |     1 |     4 |     4 |     8 |     8 |     6 ||    31
       Tin of tremorston |       |       |       |       |     6 |     9 |    16 |    17 |     7 ||    55
       Box of beasts     |       |       |       |       |       |     2 |     5 |     2 |     2 ||    11
       Phantom mirror    |       |       |       |       |       |     2 |     5 |     1 |     3 ||    11
       Phial of floods   |       |       |       |       |       |     2 |     4 |     4 |     2 ||    12
       Lightning rod     |       |       |       |       |       |     4 |    14 |    11 |     2 ||    31
  Use: Scroll            |       |     4 |    15 |    18 |    24 |     5 |    20 |    16 |     5 ||   107
       Potion            |       |     1 |     2 |     3 |     9 |     6 |     5 |    15 |     2 ||    43
 Stab: Distracted        |       |       |     1 |       |       |       |       |     1 |     1 ||     3
       Paralysed         |       |       |       |       |       |       |       |       |     3 ||     3
Armor: Scale mail        |    30 |    43 |       |       |       |       |       |       |       ||    73
       Chain mail        |       |    38 |   116 |       |    15 |       |       |       |       ||   169
       Skin              |       |       |     3 |    34 |       |       |       |       |       ||    37
       Plate armour      |       |       |       |    99 |   353 |   152 |   301 |   313 |       ||  1218
       Swamp dragon scal |       |       |       |    23 |    14 |    62 |       |       |       ||    99
       Gold dragon scale |       |       |       |       |       |       |       |     7 |   239 ||   246
Dodge: Dodged            |    27 |    35 |    58 |    80 |   419 |   413 |   562 |   783 |   280 ||  2657
       Repelled          |       |       |       |       |     4 |       |       |       |       ||     4
Block: Kite shield       |    35 |    86 |   176 |   254 |   399 |   674 |   703 |       |       ||  2327
       Rpst.: Long sword |     6 |     8 |     4 |       |       |       |       |       |       ||    18
       Scimitar          |       |       |     1 |    11 |    21 |    33 |    16 |       |       ||    82
       Great sword       |       |       |       |       |    12 |       |     1 |     8 |     7 ||    28
       Double sword      |       |       |       |       |       |       |     6 |       |       ||     6

Table legend: (Time is in decaauts)
 A = Elapsed time spent in this place.
 B = Non-inter-level travel time spent in this place.
 C = Inter-level travel time spent in this place.
 D = Time resting spent in this place.
 E = Time spent auto-exploring this place.
 F = Levels seen in this place.
 G = Mean time per level.
                   A        B        C        D        E       F      G
               +--------+--------+--------+--------+--------+-----+--------+
         Total | 139869 | 122474 |  17395 |  39624 |  61341 |  50 | 2797.4 |
       Dungeon |  35727 |  28759 |   6968 |   7145 |  15917 |  15 | 2381.8 |
          Lair |  14545 |  11807 |   2738 |   2628 |   7496 |   6 | 2424.2 |
        Shoals |   9349 |   8586 |    763 |   3583 |   3545 |   4 | 2337.2 |
   Spider Nest |  11260 |  10877 |    383 |   4488 |   5338 |   4 | 2815.0 |
  Orcish Mines |   5024 |   4298 |    726 |    938 |   2424 |   2 | 2512.0 |
   Elven Halls |  11901 |  10481 |   1420 |   4050 |   4392 |   3 | 3967.0 |
        Vaults |  21149 |  18890 |   2259 |   6405 |   8981 |   5 | 4229.8 |
        Depths |  18575 |  17042 |   1533 |   6392 |   7332 |   5 | 3715.0 |
           Zot |  12055 |  11452 |    603 |   3992 |   5752 |   5 | 2411.0 |
       Ossuary |    281 |    281 |      0 |      0 |    159 |   1 |  281.0 |
               +--------+--------+--------+--------+--------+-----+--------+

Top non-repeatable levels by time:
    D:12: 5921 daAuts
Depths:4: 5327 daAuts
Vaults:4: 5104 daAuts
Vaults:2: 4767 daAuts
   Zot:3: 4752 daAuts
Spider:4: 4555 daAuts
   Elf:1: 4470 daAuts
Depths:3: 4347 daAuts
Vaults:1: 4033 daAuts
Depths:1: 3841 daAuts
   Elf:2: 3802 daAuts
Vaults:5: 3684 daAuts
   Elf:3: 3627 daAuts
Vaults:3: 3559 daAuts
Shoals:4: 3451 daAuts
